Cogmind - Beta 9.4 @@@ ROGUE MODE // 2020.02.16 @ 01:56:46 Player: redd Result: Destroyed by G-47 Trooper with Particle Gun Performance ------------- Evolutions (1) 500 Regions Visited (2) 400 Robots Destroyed (47) 235 Value Destroyed (952) 952 Prototype IDs (0) 0 Alien Tech Used (0) 0 Bonus (0) 0 TOTAL SCORE: 2087 Bonus ------- None Cogmind --------- Core Integrity 0/400 Matter 300/300 Energy 100/100 System Corruption 3% Temperature Cool (18) Movement Core (150) Ox2 Location -9/Materials Parts ------- > --- POWER (1) -------- (None) > --- PROPULSION (2) --- (None) > --- UTILITY (4) ------ Improved Heat Sink Medium Storage Unit Hacking Suite > --- WEAPON (2) ------- (None) > --- INVENTORY (8) ---- Improved Aluminum Leg Improved Aluminum Leg Thermal Generator Improved Targeting Computer Hardened Light Armor Plating Peak State ------------ > --- POWER ------------ Improved Ion Engine > --- PROPULSION ------- Improved Aluminum Leg Improved Aluminum Leg > --- UTILITY ---------- Improved Heat Sink Medium Storage Unit Advanced Sensor Array Hacking Suite > --- WEAPON ----------- Ion Cannon Ion Cannon > --- INVENTORY -------- Ion Engine Improved Aluminum Leg Improved Aluminum Leg Thermal Generator Improved Targeting Computer Hardened Light Armor Plating Ion Cannon [Rating: 23] Favorites ----------- Power Ion Engine Engine Ion Engine Propulsion Improved Aluminum Leg Leg Improved Aluminum Leg Utility Improved Heat Sink Device Improved Heat Sink Storage Medium Storage Unit Hackware Hacking Suite Protection Hardened Light Armor Plating Weapon Medium Laser Energy Gun Medium Laser Energy Cannon Beam Cannon Ballistic Gun Light Assault Rifle Impact Weapon Heavy Hammer Build | -11 -10 -9 ------- Run | Scr Mat Mat Slots Evolved 2 | . . 2 Power . | . . . Propulsion . | . . . Utility 2 | . . 2 Weapon . | . . . Parts Attached 45 | 6 19 20 Power 5 | 1 2 2 Engine 5 | 1 2 2 Core . | . . . Reactor . | . . . Propulsion 14 | 2 9 3 Treads . | . . . Leg 14 | 2 9 3 Wheel . | . . . Hover . | . . . Flight . | . . . Utility 9 | 1 3 5 Device 3 | . 1 2 Storage 3 | 1 2 . Processor . | . . . Hackware 1 | . . 1 Protection 2 | . . 2 Artifact . | . . . Weapon 17 | 2 5 10 Energy Gun 8 | 2 4 2 Energy Cannon 7 | . 1 6 Ballistic Gun 1 | . . 1 Ballistic Cannon . | . . . Launcher . | . . . Special Weapon . | . . . Impact Weapon 1 | . . 1 Slashing Weapon . | . . . Piercing Weapon . | . . . Special Melee Weapon . | . . . Unidentified Prototypes . | . . . Parts Lost 16 | . 3 13 Power 2 | . . 2 Propulsion 2 | . . 2 Utility 2 | . . 2 Weapon 10 | . 3 7 Highest Loss Streak 10 | . 2 10 Average Slot Usage (%) 97 | . 96 98 Engine 12 | . 14 10 Leg 24 | . 27 21 Device 17 | . 13 21 Storage 12 | . 14 11 Protection 4 | . . 10 Energy Gun 15 | . 22 7 Energy Cannon 7 | . 3 12 Naked Turns . | . . . Heaviest Build 34 | 13 25 34 Greatest Support 26 | 20 26 26 Greatest Overweight (x) 1 | . 1 1 Average Overweight (x) . | . . . Largest Inventory Capacity 10 | 6 10 8 Average Capacity 7 | 5 7 8 Most Carried 8 | 4 8 8 Average Carried 6 | 1 6 7 Final Capacity 8 | 6 8 8 Final Carried 8 | 2 8 5 Class Distribution -------------------- 100% | Mutant Dominant Class ---------------- Mutant | -10/Materials Mutant | -9/Materials Resources | -11 -10 -9 ----------- Run | Scr Mat Mat Matter Collected 604 | 236 169 199 Remotely . | . . . Salvage Created 1330 | . 497 833 Parts 90 | . 33 57 Haulers Intercepted 1 | . 1 . Recyclers Shooed . | . . . Parts Field Recycled . | . . . Retrieved Matter . | . . . Parts Self-Destructed . | . . . Prevented . | . . . Kills | -11 -10 -9 ------- Run | Scr Mat Mat Combat Hostiles Destroyed 36 | . 14 22 Guns 19 | . 13 6 Cannons 16 | . . 16 Classes Destroyed 8 | . 4 4 Builder 3 | . . 3 Hauler 1 | . 1 . Recycler 1 | . . 1 Operator 1 | . . 1 Watcher 5 | . 1 4 Swarmer 19 | . 6 13 Grunt 15 | . 8 7 Sentry 2 | . . 2 Best Kill Streak 6 | . 3 6 Combat Bots Only 3 | . 3 3 Max Kills in Single Turn 2 | . 1 2 Gunslinging . | . . . Exploded . | . . . Melee . | . . . Uniques/NPCs Destroyed . | . . . Combat | -11 -10 -9 -------- Run | Scr Mat Mat Damage Taken 2394 | . 688 1706 Core 550 | . 146 404 Absorbed by Shields . | . . . Core Remaining (%) 70 | 100 41 . Volleys Fired 152 | . 72 80 Largest 2 | . 2 2 Hottest 125 | . 110 125 Shots Fired 271 | . 129 142 Gun 173 | . 120 53 Cannon 98 | . 9 89 Launcher . | . . . Special . | . . . Kinetic 6 | . . 6 Thermal 240 | . 104 136 Explosive . | . . . Electromagnetic 25 | . 25 . Robot Hit Streak 10 | . 9 10 Robot Miss Streak 5 | . 3 5 Penetration Max . | . . . Secondary Targets 2 | . 2 . Max Gunslinging Chain 1 | . 1 . Shots Hit Robots 150 | . 79 71 Core Hits 65 | . 25 40 Critical Hits . | . . . Critical Kills . | . . . Critical Parts Destroyed . | . . . Melee Attacks . | . . . Impact . | . . . Slashing . | . . . Piercing . | . . . Sneak Attacks . | . . . Combat Hostiles . | . . . Follow-up Attacks . | . . . Damage Inflicted 2330 | . 997 1333 Guns 1372 | . 927 445 Cannons 958 | . 70 888 Explosions . | . . . Melee . | . . . Ramming . | . . . Kinetic 42 | . . 42 Thermal 2045 | . 754 1291 Explosive . | . . . Electromagnetic 243 | . 243 . Impact . | . . . Slashing . | . . . Piercing . | . . . Highest Corruption 3 | . . 3 Average Corruption 2 | . . 2 Corruption Purged . | . . . Effects 15 | . . 15 Message Errors 3 | . . 3 Matter Fused 2 | . . 2 Heat Flow Errors 1 | . . 1 Energy Discharges 2 | . . 2 Data Loss (minor) 1 | . . 1 Targeting Errors 5 | . . 5 Weapon Failures 1 | . . 1 Overload Shots . | . . . Overflow Damage 6 | . . 6 Projectiles 6 | . . 6 Explosions . | . . . Melee . | . . . Knockbacks . | . . . Impact . | . . . Kinetic . | . . . Secondary . | . . . Self-Inflicted Damage . | . . . Shots . | . . . Rammed . | . . . Targets Rammed . | . . . Kicked . | . . . Crushed . | . . . Highest Temperature 333 | . 333 309 Average Temperature 81 | . 86 79 Received Heat Transfer 654 | . 240 414 Effects 1 | . . 1 Energy Bleed 1 | . . 1 Siege Activations . | . . . Robots Corrupted . | . . . Combat Hostiles . | . . . Parts Fried 7 | . . 7 Impact Corruptions . | . . . Robots Melted 1 | . 1 . Combat Hostiles 1 | . 1 . Parts Melted 5 | . 2 3 Heat Transferred 4542 | . 2076 2466 Parts Sabotaged . | . . . Parts Stolen . | . . . Parts Stripped . | . . . Power Chain Reactions . | . . . Missiles Intercepted . | . . . Alert | -11 -10 -9 ------- Run | Scr Mat Mat Peak Influence 224 | . 162 224 Average Influence 82 | . 66 101 Maximum Alert Level 1 | . . 1 Low Security (%) 95 | 100 100 89 Level 1 4 | . . 10 Level 2 . | . . . Level 3 . | . . . Level 4 . | . . . Level 5 . | . . . High Security . | . . . Max Security . | . . . Squads Dispatched 5 | . 2 3 Investigation 3 | . 1 2 Extermination . | . . . Reinforcement 2 | . 1 1 Assault . | . . . Garrison . | . . . Intercept . | . . . Construction Impeded . | . . . Haulers Reinforced . | . . . Stealth | -11 -10 -9 --------- Run | Scr Mat Mat Distress Signals 2 | . . 2 Communications Jammed . | . . . Distress Signals . | . . . Times Spotted 69 | . 31 38 Peak Tracking Total 8 | . 5 8 Tactical Retreats 5 | . 2 3 Traps | -11 -10 -9 ------- Run | Scr Mat Mat Traps Triggered 1 | . . 1 Indirectly . | . . . Trap Hack Attempts . | . . . Triggered . | . . . Disarmed . | . . . Reprogrammed 3 | . . 3 Reused 2 | . . 2 Traps Extracted . | . . . Installed . | . . . Triggered 2 | . . 2 Machines | -11 -10 -9 ---------- Run | Scr Mat Mat Machines Disabled 3 | . . 3 Max in Single Turn 1 | . . 1 Machines Sabotaged . | . . . Garrisons Compromised . | . . . Overloaded Fab Kills . | . . . Fab Network Shutdowns . | . . . Hacking | -11 -10 -9 --------- Run | Scr Mat Mat Machines Accessed 18 | . 9 9 Terminals 12 | . 7 5 Fabricators . | . . . Repair Stations 2 | . 1 1 Recycling Units 3 | . 1 2 Scanalyzers 1 | . . 1 Garrison Access . | . . . Total Hacks 65 | . 36 29 Successful 48 | . 23 25 Failed 17 | . 13 4 Catastrophic . | . . . Database Lockouts . | . . . Manual 38 | . 28 10 Terminals 45 | . 31 14 Fabricators . | . . . Repair Stations 7 | . 4 3 Recycling Units 5 | . 1 4 Scanalyzers 8 | . . 8 Garrison Access . | . . . Terminal Hacks 8 | . 5 3 Emergency Access Points 2 | . 2 . Terminal Index 1 | . 1 . Repair Station Index 1 | . 1 . Locate Traps 3 | . 1 2 Reprogram Traps 1 | . . 1 Fabricator Hacks . | . . . Repair Station Hacks 7 | . 4 3 Scan Component 4 | . 2 2 Repair 3 | . 2 1 Recycling Unit Hacks 4 | . 1 3 Report Inventory 3 | . 1 2 Retrieve Components 1 | . . 1 Scanalyzer 8 | . . 8 Insert Component 4 | . . 4 Analyze 4 | . . 4 Garrison Access Hacks . | . . . Unauthorized Hacks 50 | . 32 18 Terminals 21 | . 13 8 Track 10 | . 6 4 Botnet 11 | . 7 4 Fabricators . | . . . Repair Stations . | . . . Recycling Units . | . . . Scanalyzers . | . . . Garrison Access . | . . . Data Cores Recovered 1 | . . 1 Used . | . . . Hacking Detections 14 | . 7 7 Full Trace Events 3 | . 1 2 Feedback Events 1 | . . 1 Corruption 1 | . . 1 Feedback Blocked . | . . . Robot Schematics Acquired . | . . . Robots Built . | . . . Matter . | . . . Time . | . . . Total Robot Build Rating . | . . . Part Schematics Acquired 4 | . . 4 Parts Built . | . . . Matter . | . . . Time . | . . . Total Part Build Rating . | . . . Parts Repaired 3 | . 2 1 Time 96 | . 64 32 Parts Recycled . | . . . Recycled Matter . | . . . Retrieved Matter . | . . . Retrieved Components 9 | . . 9 Parts Scanalyzed 4 | . . 4 Part Schematics Acquired 4 | . . 4 Parts Damaged . | . . . Bothacking | -11 -10 -9 ------------ Run | Scr Mat Mat Used RIF Installer . | . . . Robots Hacked . | . . . Non-combat . | . . . Combat . | . . . Robot Hacks Applied . | . . . Relay Couplers Released . | . . . Robots Rewired . | . . . Allies Hacked . | . . . Hacks Repelled . | . . . Allies | -11 -10 -9 -------- Run | Scr Mat Mat Total Allies . | . . . Largest Group . | . . . Highest-Rated Group . | . . . Highest-Rated Ally . | . . . Total Orders . | . . . Ally Attacks . | . . . Total Damage . | . . . Kills . | . . . Allies Corrupted . | . . . Allies Melted . | . . . Intel | -11 -10 -9 ------- Run | Scr Mat Mat Robot Analysis Total . | . . . Derelict Logs Recovered . | . . . Drone Launches . | . . . Drone Recoveries . | . . . Exploration | -11 -10 -9 ------------- Run | Scr Mat Mat Turns Passed 2984 | 52 1493 1439 Spaces Moved 1515 | 42 841 632 Core 16 | 16 . . Treads . | . . . Legs 1499 | 26 841 632 Wheels . | . . . Hover . | . . . Flight . | . . . Fastest Speed 50 | 50 120 120 Average Speed 129 | 93 120 145 Slowest Speed 150 | 120 150 150 Overloaded Moves . | . . . Propulsion Burnouts . | . . . Robots Hopped . | . . . Cave-ins Triggered . | . . . Exploration Rate (%) 53 | 4 99 58 Regions Visited 2 Branch Regions . Pre-discovered Areas . | . . . Known Exits Taken . | . . . Unknown Exits Taken 2 | 1 1 . Scrap Searched . | . . . Spaces Dug . | . . . Terrain Destroyed 8 | . . 8 Melee . | . . . Projectile 8 | . . 8 AOE . | . . . Actions | -11 -10 -9 --------- Run | Scr Mat Mat Total 2260 | 55 1192 1013 Wait 482 | . 234 248 Move 1513 | 41 840 632 Hop . | . . . Pick Up 44 | 8 18 18 Fast Attach 4 | . 2 2 Attach 20 | 6 5 9 Detach 3 | . 1 2 Swap 21 | . 12 9 Drop 21 | . 8 13 Fire 152 | . 72 80 Melee . | . . . Ram . | . . . Kick . | . . . Crush . | . . . Escape Stasis . | . . . Rewire . | . . . Trap . | . . . Miscellaneous . | . . . Route ------- -11/Scrapyard -10/Materials (discovered 5 exits: *Mat x3 / [*Min x2]) -9/Materials (discovered 3 exits: [*Mat] / [*Min x2]) History --------- Turn | Location | Event 9 | -11/Scrapyard | Discovered new exit (range 16) 53 | -11/Scrapyard | Entered Materials 305 | -10/Materials | Build established: Mutant 378 | -10/Materials | Discovered new exit (range 11) 654 | -10/Materials | Discovered new exit (range 14) 661 | -10/Materials | Core integrity fell below 50% 776 | -10/Materials | Discovered new exit (range 5) 982 | -10/Materials | Discovered new exit (range 2) 1246 | -10/Materials | Repaired Imp. Aluminum Leg 1278 | -10/Materials | Repaired Imp. Aluminum Leg 1324 | -10/Materials | Discovered new exit (range 16) 1546 | -10/Materials | Entered another Materials area 1546 | -9/Materials | Evolved 2 slots: Utility x2 1908 | -9/Materials | Discovered new exit (range 15) 1989 | -9/Materials | Repaired Imp. Aluminum Leg 2453 | -9/Materials | Discovered new exit (range 11) 2877 | -9/Materials | Discovered new exit (range 16) 2940 | -9/Materials | Core integrity fell below 50% 2982 | -9/Materials | Core integrity fell below 20% 2985 | -9/Materials | Destroyed by G-47 Trooper with Particle Gun Last Messages --------------- 02958_ U-05 Engineer lays Concrete. 02958_ Ion Cannon destroyed. 02959_ R-06 Scavenger inserts Com. Wheel into recycling unit. 02966_ G-34 Mercenary destroyed. 02966_ K-01 Serf collects debris. 02968_ Imp. Aluminum Leg destroyed. 02969_ K-01 Serf collects debris. 02970_ S-10 Pest destroyed. 02970_ Ion Cannon destroyed. 02973_ K-01 Serf collects debris. 02973_ Ion Engine destroyed. 02973_ Acquired Lgt. Assault Rifle. 02977_ K-01 Serf collects debris. 02978_ Imp. Aluminum Leg destroyed. 02981_ K-01 Serf collects debris. 02982_ G-34 Mercenary destroyed. 02983_ Acquired 10 matter. 02984_ K-01 Serf collects debris. 02985_ Acquired 1 matter. 02985_ Lgt. Assault Rifle destroyed. Map ----- +----------------------------------------------------+ | ????# # #????#"" < #????????????? | | ?????#### #### ##????#"! #????????????? | | ????????# #??##########?????#" #????????????? | | ????????#+#######???????????#""" [[ #????????????? | | ????????# #???????????####=%*##????#+##????? | | ????????# " #??????????????#%=%###### #????? | | ????????# """#????????#+##### *= #????? | | ######### ! """#????????# % #????? | | # """#????????# #????? | | + #????????# ""! !""" [!! #????? | | # """#????????# "Y=*=""" [! #????? | | ######### ""#????????+ ""=* """ [! #????? | | ######### """#????????# * +????? | | # " #????????# #????? | | ""T"" # #????????# #????? | | ^ """"" #########????????# ? | | #????????????????# ? | | #########????????????????# % ? | | ???????????????#####?????# ########+##########?? | | ???????????????# ##### #??????? ?????????? | | ???????????????# #### ! """ ???????? | | ???????????????# + """ #??????? | | ???????????????#! #### """ #??????? | | ???????????????# ######/#####????????????????? | | ???????????????## ???#!%%Y= #????????????????? | | ????????????????# ?????# @=gk #????????????????? | | ????????????????#??????# Y Y #????????????????? | | ???????????????????????# #????????????????? | | ???????????????????????# #????????????????? | | ???????????????????????# #????????????????? | | ???????????????????????# #????????????????? | | ???????????????????????# #????????????????? | | ???????????????????????+ #????????????????? | | ???????????????????????#####+####????????????????? | | ???????????????????????????? #???????????????????? | | ???????????????????????????? #???????????????????? | | ???????????????????????????? #???????????????????? | | ?????????????????????????????#???????????????????? | | ?????????????????????????????????????????????????? | | ?????????????????????????????????????????????????? | | ?????????????????????????????????????????????????? | | ?????????????????????????????????????????????????? | | ?????????????????????????????????????????????????? | | ?????????????????????????????????????????????????? | | ?????????????????????????????????????????????????? | | ?????????????????????????????????????????????????? | | ?????????????????????????????????????????????????? | | ?????????????????????????????????????????????????? | | ?????????????????????????????????????????????????? | | ?????????????????????????????????????????????????? | +----------------------------------------------------+ Best States ------------- Heat Dissipation 42 Energy Generation 12 Energy Capacity 265 Matter Stores 300 Matter Capacity 300 Sight Range 16 Robot Scan Range 16 Terrain Scan Density 10 Armor Coverage 150 Evasion (%) 50 Offensive Hacking 10 Item Schematics ----------------- Imp. Aluminum Leg | -9/Materials | Scanalyzed Aluminum Leg | -9/Materials | Scanalyzed Lgt. Cannon | -9/Materials | Scanalyzed Lgt. Ion Engine | -9/Materials | Scanalyzed Robot Schematics ------------------ None Fabricated ------------ Nothing Alien Tech Used ----------------- None Achievements -------------- It's Just You Challenges ------------ None Game ------ Seed DefenseBladeComputer Manual? 0 Play Time 00:55:00 Cumulative 33.5 hours Start 2020.02.15 @ 16:50:34 End 2020.02.16 @ 01:56:46 Sessions 3 Manual Loads 0 Difficulty Rogue Special Mode None Game No. 23 Rogue 23 Adventurer 0 Explorer 0 Win Type - Total 0 Types 0/0/0/0/0/0/0 Lore% 20 Gallery% 15 Achievement% 15 Wizard Run 0 Options --------- ASCII 1 Keyboard 0 Movement Mouse Keybinds 0 Fullscreen 2 Font 20/Terminus Map View 66x50 Tactical HUD 1 Map Filters NONE Filters NONE Steam 1 RUN: cd3e0bf2-b351-45f1-a43d-f37289892063